 Dungeon Crawl Stone Soup version 0.30-a0-652-gcc886f7154 (webtiles) character file.

Game seed: 14267924721094143622

186 mampy3000 the Chopper (level 5, -8/48 HPs)
             Began as a Minotaur Berserker on Jan 17, 2023.
             Was a Believer of Trog.
             Succumbed to an orc wizard's poison
             ... on level 4 of the Dungeon on Jan 18, 2023.
             The game lasted 00:04:54 (2404 turns).

mampy3000 the Chopper (Minotaur Berserker)          Turns: 2404, Time: 00:04:55

Health: -8/48      AC: 13    Str: 22    XL:     5   Next: 38%
Magic:  4/4        EV:  7    Int:  4    God:    Trog [**....]
Gold:   200        SH:  0    Dex: 11    Spells: 4/4 levels left

rFire   . . .      SeeInvis .    h - +0 broad axe
rCold   . . .      Faith    .    (no shield)
rNeg    . . .      Spirit   .    k - +0 plate armour
rPois   .          Reflect  .    (helmet restricted)
rElec   .          Harm     .    (no cloak)
rCorr   .          Rampage  .    j - +0 pair of gloves
Will    .....                    e - +0 pair of boots Stlth
                                 (no amulet)
HPRegen 0.28/turn                (no ring)
MPRegen 0.09/turn                (no ring)

@: lethally poisoned (-8 -> -31), on berserk cooldown, slowed, very slow
A: horns 2, retaliatory headbutt
a: Renounce Religion, Berserk, Trog's Hand


You were on level 4 of the Dungeon.
You worshipped Trog.
Trog was pleased with you.
You visited 1 branch of the dungeon, and saw 4 of its levels.

You collected 200 gold pieces.

Inventory:

Hand Weapons
 a - a +0 hand axe
 h - a +0 broad axe (weapon)
Armour
 b - a +0 animal skin
 e - a +0 pair of boots (worn)
 j - a +0 pair of gloves (worn)
 k - a +0 plate armour (worn)
Jewellery
 n - a ring of fire
Wands
 l - a wand of iceblast (11)
Scrolls
 f - a scroll of vulnerability {unknown}
 g - 3 scrolls of identify
 i - a scroll of amnesia
Potions
 c - 3 potions of lignification {unknown}
 d - 2 potions of cancellation {unknown}
 m - a potion of magic {unknown}
 o - a potion of attraction {unknown}
 p - 2 potions of brilliance {unknown}
 q - a potion of degeneration {unknown}


   Skills:
 + Level 5.2 Fighting
 + Level 5.5 Axes
 + Level 3.0 Armour
 + Level 3.1 Dodging


You had 4 spell levels left.
You didn't know any spells.
Your spell library was empty.

Dungeon Overview and Level Annotations

Branches:
Dungeon (4/15)
 Temple: D:4-7

Altars:


Innate Abilities, Weirdness & Mutations

You have a pair of horns on your head.
You reflexively headbutt those who attack you in melee.


Message History

You hear some strange, mumbled words.
A magic dart appears from out of thin air!
The magic dart hits you but does no damage.
You bump into the rock wall.
You feel very sick. Something hits you but does no damage.
You miss something.
You feel less confused.
You feel very sick.
You hear some strange, mumbled words.
A magic dart appears from out of thin air!
The magic dart hits you. Something hits you but does no damage.
You are more poisoned.
You miss something.
You feel extremely sick. Something hits you but does no damage.
You are more poisoned.
Something hits you.
You hear some strange, mumbled words.
A magic dart appears from out of thin air!
The magic dart hits you.
You miss something. Your headbutt misses something.
* * * LOW HITPOINT WARNING * * *
You feel extremely sick. Something hits you but does no damage.
You are more poisoned.
You miss something.
* * * LOW HITPOINT WARNING * * *
You feel extremely sick. Something hits you but does no damage.
You are more poisoned.
You hear some strange, mumbled words.
A magic dart appears from out of thin air!
The magic dart hits you but does no damage.
You slash something! Trog accepts your kill.
Trog appreciates your killing of a magic user.
Reactivating autopickup.
You feel a bit more experienced.
You die...

..####.######.......##
.####...####.........##.
...........'.........'.
##.##...#.##...).....# #
##.##.###.......##
#.##.# ##.....## .....#
##.).## ##.#### ##)## #.
#@# #. #)# #o# ... )..
#...# #.... #.###


You could see an orc.

Vanquished Creatures
  A necrophage (D:4)
  An iguana (D:4)
  An orc wizard (D:4)
  Robin (D:3)
  2 adders (D:3)
  2 dart slugs
  5 orcs
  3 ball pythons
  3 bats
  4 endoplasms
  A giant cockroach (D:2)
  14 goblins
  2 hobgoblins
  2 jackals (D:1)
  5 kobolds
  2 quokkas
  2 frilled lizards (D:1)
  A rat (D:1)
52 creatures vanquished.

Notes
Turn   | Place    | Note
-------+----------+-------------------------------------------
     0 | D:1      | mampy3000 the Minotaur Berserker began the quest for the
                  | Orb.
     0 | D:1      | Reached XP level 1. HP: 19/19 MP: 0/0
   181 | D:1      | Reached XP level 2. HP: 19/27 MP: 1/1
  1398 | D:2      | You fall into a shaft and drop 1 floor!
  1550 | D:3      | Reached XP level 3. HP: 33/33 MP: 2/2
  1617 | D:3      | Noticed Robin
  1646 | D:3      | Killed Robin
  1650 | D:3      | Reached ** piety under Trog
  1880 | D:3      | Reached XP level 4. HP: 41/41 MP: 3/3
  2216 | D:4      | Reached skill level 5 in Axes
  2297 | D:4      | Noticed a necrophage
  2309 | D:4      | Killed a necrophage
  2310 | D:4      | Reached skill level 5 in Fighting
  2310 | D:4      | Reached XP level 5. HP: 48/48 MP: 4/4
  2403 | D:4      | HP: 2/48 [poisoned by an orc wizard]
  2404 | D:4      | Succumbed to an orc wizard's poison

Illustrated notes

Levels and vault maps discovered:
D:1:      doesnt_arrival_eight_statues, layout_basic
D:2:      layout_basic, uniq_jessica, uniq_natasha
D:3:      layout_basic, dreamdust_wishing_well, uniq_robin
D:4:      layout_loops_corners, serial_shops, shop, grunt_decor_one_mirror,
          uniq_crazy_yiuf_cottage

Skill      XL: |  1  2  3  4 |
---------------+-------------+-----
Axes           | 4 5 |  5.5
Fighting       | 4 5 |  5.2
Dodging        | 3 |  3.1
Armour         | 3 |  3.0

Action                   |  1- 3 |  4- 6 || total
-------------------------+-------+-------++-------
Melee: Hand axe          |    28 |       ||    28
       Headbutt          |     5 |     7 ||    12
       Broad axe         |    38 |    45 ||    83
Invok: Berserk           |     3 |     2 ||     5
  Use: Scroll            |     3 |       ||     3
Armor: Animal skin       |     7 |       ||     7
       Plate armour      |    21 |    29 ||    50
Dodge: Dodged            |    36 |    12 ||    48

Table legend: (Time is in decaauts)
 A = Elapsed time spent in this place.
 B = Non-inter-level travel time spent in this place.
 C = Inter-level travel time spent in this place.
 D = Time resting spent in this place.
 E = Time spent auto-exploring this place.
 F = Levels seen in this place.
 G = Mean time per level.
                   A        B        C        D        E       F      G
               +--------+--------+--------+--------+--------+-----+--------+
         Total |   2467 |   2394 |     73 |      0 |   1893 |   4 |  616.8 |
       Dungeon |   2467 |   2394 |     73 |      0 |   1893 |   4 |  616.8 |
               +--------+--------+--------+--------+--------+-----+--------+

Top non-repeatable levels by time:
     D:1: 1086 daAuts
     D:3: 787 daAuts
     D:2: 322 daAuts
     D:4: 271 daAuts
